| TOP OF THE 1ST |
|
Trois-Riveres Aigles batting - Pitching for Canton Indians : RHP Ian McLeod
|
|
Pitching: RHP Ian McLeod
|
|
|
Batting: RHB Luis Jara
|
0-0: Fly out, F9 (Flyball, 9S, EV 91.2 MPH)
|
|
Batting: RHB Micah Logan
|
0-0: SOLO HOME RUN (Flyball, 9D, EV 101.2 MPH), Distance : 393 ft
|
|
Batting: SHB Derek Weaver
|
0-0: Ball 1-0: Called Strike 1-1: Called Strike 1-2: Ball 2-2: Foul Ball, location: 2F 2-2: Strikes out swinging
|
|
Batting: RHB Sandoval Serzedelo
|
0-0: Called Strike 0-1: Ball 1-1: Foul Ball, location: 2F 1-2: Ground out 5-3 (Groundball, 56, EV 102.5 MPH)
|
| Top of the 1st over - 1 run, 1 hit, 0 errors, 0 left on base; Trois-Riveres 1 - Canton 0 |
| BOTTOM OF THE 1ST |
|
Canton Indians batting - Pitching for Trois-Riveres Aigles : RHP Jesus Espinosa
|
|
Pitching: RHP Jesus Espinosa
|
|
|
Batting: RHB Xavier Bartolani
|
0-0: Ball 1-0: Ball 2-0: Called Strike 2-1: Foul Ball, location: 2F 2-2: Ball 3-2: Foul Ball, location: 2F 3-2: Foul Ball, location: 2F 3-2: Hit by Pitch
|
|
Batting: RHB Willie Toral
|
0-0: Ball 1-0: Ball 2-0: SINGLE (Groundball, 6MD, EV 96.2 MPH) Xavier Bartolani to second
|
|
Batting: RHB Rob Marti
|
0-0: Foul Ball, location: 2F 0-1: Foul Ball, location: 2F 0-2: Ball 1-2: Ball 2-2: Foul Ball, location: 2F 2-2: Ball 3-2: Reached on error, E4 (Groundball, 34, EV 86.9 MPH) Xavier Bartolani to third Willie Toral to second
|
|
Batting: RHB Tony Gonzales
|
0-0: Ground out 6-3 (Groundball, P, EV 86.9 MPH) Xavier Bartolani scores Willie Toral to third Rob Marti to second
|
|
Batting: SHB Bob Ledlow
|
0-0: Ball 1-0: Called Strike 1-1: Ball 2-1: Swinging Strike 2-2: Foul Ball, location: 2F 2-2: Ball 3-2: Strikes out swinging
|
|
Batting: SHB Ryan Donohoe
|
0-0: SINGLE (Line Drive, 7S, EV 107.5 MPH) Willie Toral scores Rob Marti to third Runner from 3rd tries for Home, SAFE, throw by LF to home
|
|
Batting: LHB Jason Kessler
|
0-0: Swinging Strike 0-1: Fielders Choice at 2nd, 5-4 (Groundball, 56, EV 102.5 MPH)
|
| Bottom of the 1st over - 3 runs, 2 hits, 1 error, 1 left on base; Trois-Riveres 1 - Canton 3 |
| TOP OF THE 2ND |
|
Trois-Riveres Aigles batting - Pitching for Canton Indians : RHP Ian McLeod
|
|
Batting: RHB Chris Davis
|
0-0: Called Strike 0-1: Ball 1-1: Foul Ball, location: 2F 1-2: Strikes out swinging
|
|
Batting: RHB Tony Bonilla
|
0-0: Ball 1-0: SINGLE (Groundball, 4M, EV 86.9 MPH) (infield hit)
|
|
Batting: RHB Alistair Holmes
|
0-0: Fly out, F9 (Flyball, 9, EV 85.6 MPH)
|
|
Batting: RHB Willie Acevedo
|
0-0: Ball 1-0: Ball 2-0: Foul Ball, location: 2F 2-1: Ball 3-1: Called Strike 3-2: Base on Balls Tony Bonilla to second
|
|
Batting: RHB Ben Saxton
|
0-0: Ball 1-0: Ball 2-0: SINGLE (Flyball, 78S, EV 85.0 MPH) Tony Bonilla to third Willie Acevedo to second
|
|
Batting: RHB Luis Jara
|
0-0: Ball 1-0: Swinging Strike 1-1: Foul Ball, location: 2F 1-2: Foul Ball, location: 2F 1-2: Ground out U3 (Groundball, 34, EV 83.8 MPH)
|
| Top of the 2nd over - 0 runs, 2 hits, 0 errors, 3 left on base; Trois-Riveres 1 - Canton 3 |
| BOTTOM OF THE 2ND |
|
Canton Indians batting - Pitching for Trois-Riveres Aigles : RHP Jesus Espinosa
|
|
Batting: RHB Ryan Paquette
|
0-0: Fly out, F4 (Line Drive, 4D, EV 71.9 MPH)
|
|
Batting: SHB Jose Abreu
|
0-0: Called Strike 0-1: Ball 1-1: Swinging Strike 1-2: Foul Ball, location: 2F 1-2: Strikes out swinging
|
|
Batting: RHB Xavier Bartolani
|
0-0: Foul Ball, location: 2F 0-1: SOLO HOME RUN (Flyball, 7LD, EV 91.2 MPH), Distance : 340 ft
|
|
Batting: RHB Willie Toral
|
0-0: Ground out 6-3 (Groundball, 6, EV 103.1 MPH)
|
| Bottom of the 2nd over - 1 run, 1 hit, 0 errors, 0 left on base; Trois-Riveres 1 - Canton 4 |
| TOP OF THE 3RD |
|
Trois-Riveres Aigles batting - Pitching for Canton Indians : RHP Ian McLeod
|
|
Batting: RHB Micah Logan
|
0-0: Ball 1-0: Swinging Strike 1-1: Called Strike 1-2: Foul Ball, location: 2F 1-2: Ball 2-2: Fly out, F7 (Line Drive, 7, EV 106.2 MPH)
|
|
Batting: SHB Derek Weaver
|
0-0: Ball 1-0: Foul Ball, location: 2F 1-1: Ball 2-1: Called Strike 2-2: Ball 3-2: Foul Ball, location: 2F 3-2: Strikes out swinging
|
|
Batting: RHB Sandoval Serzedelo
|
0-0: Ball 1-0: SOLO HOME RUN (Flyball, 8LXD, EV 116.2 MPH), Distance : 444 ft
|
|
Batting: RHB Chris Davis
|
0-0: Fly out, F9 (Flyball, 89M, EV 83.8 MPH)
|
| Top of the 3rd over - 1 run, 1 hit, 0 errors, 0 left on base; Trois-Riveres 2 - Canton 4 |
| BOTTOM OF THE 3RD |
|
Canton Indians batting - Pitching for Trois-Riveres Aigles : RHP Jesus Espinosa
|
|
Batting: RHB Rob Marti
|
0-0: Ball 1-0: Ball 2-0: Foul Ball, location: 2F 2-1: Ball 3-1: Base on Balls
|
|
Batting: RHB Tony Gonzales
|
0-0: Grounds into double play, 4-6-3 (Groundball, 4, EV 84.4 MPH)
|
|
Batting: SHB Bob Ledlow
|
0-0: Called Strike 0-1: Ball 1-1: Swinging Strike 1-2: Hit by Pitch
|
|
Batting: SHB Ryan Donohoe
|
0-0: Called Strike 0-1: SINGLE (Groundball, 4D, EV 102.5 MPH) Bob Ledlow to second Runner from 2nd tries for 3rd, OUT! 9-5
|
| Bottom of the 3rd over - 0 runs, 1 hit, 0 errors, 1 left on base; Trois-Riveres 2 - Canton 4 |
| TOP OF THE 4TH |
|
Trois-Riveres Aigles batting - Pitching for Canton Indians : RHP Ian McLeod
|
|
Batting: RHB Tony Bonilla
|
0-0: Called Strike 0-1: Swinging Strike 0-2: Ball 1-2: Foul Ball, location: 2F 1-2: Foul Ball, location: 2F 1-2: Ball 2-2: Ball 3-2: Foul Ball, location: 2F 3-2: Foul Ball, location: 2F 3-2: Fly out, F8 (Line Drive, 8RS, EV 91.9 MPH)
|
|
Batting: RHB Alistair Holmes
|
0-0: Called Strike 0-1: Fly out, F7 (Line Drive, 7LM, EV 91.9 MPH)
|
|
Batting: RHB Willie Acevedo
|
0-0: Fly out, F7 (Flyball, 7D, EV 103.8 MPH)
|
| Top of the 4th over - 0 runs, 0 hits, 0 errors, 0 left on base; Trois-Riveres 2 - Canton 4 |
| BOTTOM OF THE 4TH |
|
Canton Indians batting - Pitching for Trois-Riveres Aigles : RHP Jesus Espinosa
|
|
Batting: LHB Jason Kessler
|
0-0: Called Strike 0-1: Bunted foul 0-2: Ball 1-2: Strikes out swinging
|
|
Batting: RHB Ryan Paquette
|
0-0: Fly out, F7 (Line Drive, 78M, EV 96.2 MPH)
|
|
Batting: SHB Jose Abreu
|
0-0: Ball 1-0: Fly out, F9 (Line Drive, 9, EV 87.5 MPH)
|
| Bottom of the 4th over - 0 runs, 0 hits, 0 errors, 0 left on base; Trois-Riveres 2 - Canton 4 |
| TOP OF THE 5TH |
|
Trois-Riveres Aigles batting - Pitching for Canton Indians : RHP Ian McLeod
|
|
Batting: RHB Ben Saxton
|
0-0: Ball 1-0: Ball 2-0: Called Strike 2-1: Foul Ball, location: 2F 2-2: Strikes out swinging
|
|
Batting: RHB Luis Jara
|
0-0: Called Strike 0-1: Foul Ball, location: 2F 0-2: Fly out, F8 (Flyball, 89M, EV 90.0 MPH)
|
|
Batting: RHB Micah Logan
|
0-0: Fly out, F7 (Flyball, 7LSF, EV 91.2 MPH)
|
| Top of the 5th over - 0 runs, 0 hits, 0 errors, 0 left on base; Trois-Riveres 2 - Canton 4 |
| BOTTOM OF THE 5TH |
|
Canton Indians batting - Pitching for Trois-Riveres Aigles : RHP Jesus Espinosa
|
|
Batting: RHB Xavier Bartolani
|
0-0: Swinging Strike 0-1: Ball 1-1: Foul Ball, location: 2F 1-2: Ball 2-2: Fly out, F8 (Flyball, 8RD, EV 104.4 MPH)
|
|
Batting: RHB Willie Toral
|
0-0: Ball 1-0: Fly out, F3 (Popup, 3SF, EV 81.2 MPH)
|
|
Batting: RHB Rob Marti
|
0-0: Ball 1-0: Ball 2-0: Foul Ball, location: 2F 2-1: SINGLE (Groundball, 4MD, EV 108.1 MPH)
|
|
Batting: RHB Tony Gonzales
|
0-0: DOUBLE (Line Drive, 89M, EV 110.6 MPH) Rob Marti to third Runner from 3rd tries for Home, SAFE, throw by RF to trailing runner, SAFE at third!
|
|
Batting: SHB Bob Ledlow
|
0-0: Ball 1-0: Fly out, F8 (Flyball, 8RS, EV 86.9 MPH)
|
| Bottom of the 5th over - 1 run, 2 hits, 0 errors, 1 left on base; Trois-Riveres 2 - Canton 5 |
| TOP OF THE 6TH |
|
Trois-Riveres Aigles batting - Pitching for Canton Indians : RHP Ian McLeod
|
|
Batting: SHB Derek Weaver
|
0-0: Ball 1-0: Called Strike 1-1: Called Strike 1-2: TRIPLE (Flyball, 7D, EV 95.6 MPH)
|
|
Batting: RHB Sandoval Serzedelo
|
0-0: Ball 1-0: Called Strike 1-1: Ball 2-1: Foul Ball, location: 2F 2-2: Strikes out swinging
|
|
Batting: RHB Chris Davis
|
0-0: SINGLE (Line Drive, 6MD, EV 98.8 MPH) Derek Weaver scores
|
|
Batting: RHB Tony Bonilla
|
0-0: Foul Ball, location: 2F 0-1: Fly out, F7 (Flyball, 7S, EV 87.5 MPH)
|
|
Batting: RHB Alistair Holmes
|
0-0: Fielders Choice at 2nd, 6-4 (Groundball, 6MD, EV 85.6 MPH)
|
| Top of the 6th over - 1 run, 2 hits, 0 errors, 1 left on base; Trois-Riveres 3 - Canton 5 |
| BOTTOM OF THE 6TH |
|
Canton Indians batting - Pitching for Trois-Riveres Aigles : RHP Jesus Espinosa
|
|
Batting: SHB Ryan Donohoe
|
0-0: Ball 1-0: Called Strike 1-1: Ball 2-1: Ball 3-1: Base on Balls
|
|
Batting: LHB Jason Kessler
|
0-0: SINGLE (Groundball, 4M, EV 98.8 MPH) (infield hit) Ryan Donohoe to second
|
|
Batting: RHB Ryan Paquette
|
0-0: Called Strike 0-1: Swinging Strike 0-2: Foul Ball, location: 2F 0-2: Strikes out swinging
|
|
Batting: SHB Jose Abreu
|
0-0: Ball 1-0: Foul Ball, location: 2F 1-1: Foul Ball, location: 2F 1-2: Foul Ball, location: 2F 1-2: Foul Ball, location: 2F 1-2: Ball 2-2: Strikes out swinging
|
|
Batting: RHB Xavier Bartolani
|
0-0: Ball 1-0: Called Strike 1-1: Ball 2-1: Fly out, F9 (Flyball, 9D, EV 86.9 MPH)
|
| Bottom of the 6th over - 0 runs, 1 hit, 0 errors, 2 left on base; Trois-Riveres 3 - Canton 5 |
| TOP OF THE 7TH |
|
Trois-Riveres Aigles batting - Pitching for Canton Indians : RHP Ian McLeod
|
|
Now in LF: Aubrey Regimbald
|
|
|
Now in CF: Russ Kennett
|
|
|
Batting: RHB Willie Acevedo
|
0-0: Ball 1-0: Ball 2-0: Reached on error, E3 (Groundball, 34S, EV 87.5 MPH)
|
|
Pinch Hitting: LHB Jonathan Watt
|
0-0: Foul Ball, location: 2F 0-1: Foul Ball, location: 2F 0-2: Ball 1-2: Foul Ball, location: 2F 1-2: Fly out, F9 (Flyball, 89M, EV 83.8 MPH)
|
|
Pinch Hitting: SHB Dan Trainer
|
0-0: Ball 1-0: Ball Wild Pitch! Willie Acevedo to third 2-0: Ball 3-0: Called Strike 3-1: Fly out, F8 (Flyball, 8RM, EV 83.8 MPH) Runner from 3rd tags up, SCORES, no throw by CF
|
|
Pinch Hitting: RHB Gabe Wilcoxon
|
0-0: Ball 1-0: Ball 2-0: Called Strike 2-1: Ball 3-1: Foul Ball, location: 2F 3-2: Base on Balls
|
|
Pinch Hitting: LHB Ian Cranton
|
0-0: Called Strike 0-1: Called Strike 0-2: Ball 1-2: Foul Ball, location: 2F 1-2: Foul Ball, location: 2F 1-2: Ball 2-2: DOUBLE (Line Drive, 78D, EV 97.5 MPH) Gabe Wilcoxon to third
|
|
Pitching: RHP Abdul-Wadud Mazin
|
|
|
Batting: RHB Toshikatsu Omori
|
0-0: Fly out, F4 (Popup, 4M, EV 63.8 MPH)
|
| Top of the 7th over - 1 run, 1 hit, 1 error, 2 left on base; Trois-Riveres 4 - Canton 5 |
| BOTTOM OF THE 7TH |
|
Canton Indians batting - Pitching for Trois-Riveres Aigles : RHP Jesus Espinosa
|
|
Pitching: LHP Joel Brown
|
|
|
Now at 1B: Ian Cranton
|
|
|
Now at 2B: Jeff Standridge
|
|
|
Now at SS: Dan Trainer
|
|
|
Now in LF: Tony Bonilla
|
|
|
Now in CF: Gilbert Hoareau
|
|
|
Batting: RHB Willie Toral
|
0-0: Swinging Strike 0-1: Swinging Strike 0-2: Ball 1-2: Strikes out swinging
|
|
Batting: RHB Rob Marti
|
0-0: Called Strike 0-1: Swinging Strike 0-2: SINGLE (Line Drive, 9S, EV 111.2 MPH)
|
|
Batting: RHB Tony Gonzales
|
0-0: DOUBLE (Line Drive, 78XD, EV 105.6 MPH) Rob Marti to third
|
|
Batting: SHB Bob Ledlow
|
0-0: Ball 1-0: Ground out 6-3 (Groundball, 6, EV 87.5 MPH)
|
|
Batting: RHB Russ Kennett
|
0-0: Ball 1-0: Fly out, F7 (Flyball, 7, EV 91.9 MPH)
|
| Bottom of the 7th over - 0 runs, 2 hits, 0 errors, 2 left on base; Trois-Riveres 4 - Canton 5 |
| TOP OF THE 8TH |
|
Trois-Riveres Aigles batting - Pitching for Canton Indians : RHP Abdul-Wadud Mazin
|
|
Batting: RHB Chris Davis
|
0-0: Ball 1-0: Foul Ball, location: 2F 1-1: Foul Ball, location: 2F 1-2: SINGLE (Flyball, 8LS, EV 96.9 MPH)
|
|
Pinch Hitting: RHB Joel Wittmier
|
0-0: Ball 1-0: Ball 2-0: Sac Bunt to 25 - play at second, runner safe!
|
|
Pitching: RHP Roberto Lamadrid
|
|
|
Pinch Hitting: RHB Roy Johnson
|
0-0: Foul Ball, location: 2F 0-1: Reached on error, E2 (Groundball, 2R, EV 73.1 MPH) Chris Davis to third Joel Wittmier to second
|
|
Batting: RHB Willie Acevedo
|
0-0: Called Strike 0-1: Foul Ball, location: 2F 0-2: Ball 1-2: Strikes out looking
|
|
Batting: RHB Jeff Standridge
|
0-0: Foul Ball, location: 2F 0-1: Ball 1-1: Fly out, F9 (Flyball, 9, EV 93.1 MPH) Runner from 3rd tags up, SCORES, throw by RF Joel Wittmier to third
|
|
Batting: SHB Dan Trainer
|
0-0: Called Strike 0-1: Called Strike 0-2: Foul Ball, location: 2F 0-2: Ball 1-2: Hit by Pitch Roy Johnson to second
|
|
Batting: RHB Gilbert Hoareau
|
0-0: Ball 1-0: Ball 2-0: Foul Ball, location: 2F 2-1: Ball 3-1: Fly out, F8 (Line Drive, 89M, EV 99.4 MPH)
|
| Top of the 8th over - 1 run, 1 hit, 1 error, 3 left on base; Trois-Riveres 5 - Canton 5 |
| BOTTOM OF THE 8TH |
|
Canton Indians batting - Pitching for Trois-Riveres Aigles : LHP Joel Brown
|
|
Now in LF: Cody Gebo
|
|
|
Now in RF: Matt Pena
|
|
|
Pinch Hitting: RHB Pat Brandt
|
0-0: Called Strike 0-1: Swinging Strike 0-2: Ball 1-2: Strikes out swinging
|
|
Batting: RHB Ryan Paquette
|
0-0: Called Strike 0-1: Ball 1-1: Swinging Strike 1-2: Ball 2-2: Foul Ball, location: 2F 2-2: Ball 3-2: Strikes out swinging
|
|
Batting: RHB Aubrey Regimbald
|
0-0: Ball 1-0: Ground out U3 (Groundball, 34, EV 85.0 MPH)
|
| Bottom of the 8th over - 0 runs, 0 hits, 0 errors, 0 left on base; Trois-Riveres 5 - Canton 5 |
| TOP OF THE 9TH |
|
Trois-Riveres Aigles batting - Pitching for Canton Indians : RHP Roberto Lamadrid
|
|
Now at 1B: Henri Chardon
|
|
|
Batting: LHB Ian Cranton
|
0-0: Ball 1-0: Foul Ball, location: 2F 1-1: Swinging Strike 1-2: Foul Ball, location: 2F 1-2: Foul Ball, location: 2F 1-2: Ball 2-2: Ball 3-2: Foul Ball, location: 2F 3-2: Strikes out swinging
|
|
Batting: RHB Toshikatsu Omori
|
0-0: Ball 1-0: Ground out 5-3 (Groundball, 56S, EV 80.0 MPH)
|
|
Batting: RHB Chris Davis
|
0-0: Ball 1-0: Ball 2-0: Ground out 6-3 (Groundball, 6S, EV 86.9 MPH)
|
| Top of the 9th over - 0 runs, 0 hits, 0 errors, 0 left on base; Trois-Riveres 5 - Canton 5 |
| BOTTOM OF THE 9TH |
|
Canton Indians batting - Pitching for Trois-Riveres Aigles : LHP Joel Brown
|
|
Batting: RHB Xavier Bartolani
|
0-0: Called Strike 0-1: Foul Ball, location: 2F 0-2: Foul Ball, location: 2F 0-2: Strikes out looking
|
|
Pinch Hitting: LHB Dorian Oram
|
0-0: Ball 1-0: SINGLE (Groundball, 6S, EV 69.4 MPH) (infield hit)
|
|
Batting: RHB Rob Marti
|
0-0: Foul Ball, location: 2F 0-1: Foul Ball, location: 2F 0-2: Foul Ball, location: 2F 0-2: Ball 1-2: Fielders Choice at 2nd, 1-6 (Groundball, 13S, EV 69.4 MPH)
|
|
Batting: RHB Tony Gonzales
|
0-0: Swinging Strike 0-1: Foul Ball, location: 2F 0-2: Strikes out looking
|
| Bottom of the 9th over - 0 runs, 1 hit, 0 errors, 1 left on base; Trois-Riveres 5 - Canton 5 |
| TOP OF THE 10TH |
|
Trois-Riveres Aigles batting - Pitching for Canton Indians : RHP Roberto Lamadrid
|
|
Pitching: RHP Ryan Perkins
|
|
|
Now at SS: Manuel de los Santos
|
|
|
Batting: LHB Matt Pena
|
0-0: Swinging Strike 0-1: Ball 1-1: Fly out, F6 (Popup, 6S, EV 84.4 MPH)
|
|
Pinch Hitting: RHB George Connell
|
0-0: Called Strike 0-1: Ground out U3 (Groundball, 34, EV 83.1 MPH)
|
|
Batting: RHB Willie Acevedo
|
0-0: Swinging Strike 0-1: Ball 1-1: Ball 2-1: Ball 3-1: Foul Ball, location: 2F 3-2: Fly out, F8 (Flyball, 8RD, EV 97.5 MPH)
|
| Top of the 10th over - 0 runs, 0 hits, 0 errors, 0 left on base; Trois-Riveres 5 - Canton 5 |
| BOTTOM OF THE 10TH |
|
Canton Indians batting - Pitching for Trois-Riveres Aigles : LHP Joel Brown
|
|
Pitching: RHP Mo Vaughan
|
|
|
Now in LF: Carlos Ruelas
|
|
|
Batting: SHB Bob Ledlow
|
0-0: Ball 1-0: Called Strike 1-1: Ball 2-1: Ball 3-1: SINGLE (Groundball, 4MD, EV 98.8 MPH)
|
|
Batting: RHB Russ Kennett
|
0-0: Bunted foul 0-1: Bunted foul 0-2: Ball 1-2: Strikes out swinging
|
|
Pinch Hitting: RHB Quan Tai
|
0-0: Ball 1-0: Called Strike 1-1: Ball 2-1: Called Strike 2-2: Strikes out swinging
|
|
Batting: RHB Ryan Paquette
|
0-0: Fly out, F7 (Flyball, 7S, EV 92.5 MPH)
|
| Bottom of the 10th over - 0 runs, 1 hit, 0 errors, 1 left on base; Trois-Riveres 5 - Canton 5 |
| TOP OF THE 11TH |
|
Trois-Riveres Aigles batting - Pitching for Canton Indians : RHP Ryan Perkins
|
|
Now at 1B: Luis de Leon
|
|
|
Batting: RHB Jeff Standridge
|
0-0: Called Strike 0-1: Swinging Strike 0-2: Ball 1-2: Ball 2-2: DOUBLE (Line Drive, 7LD, EV 100.0 MPH)
|
|
Batting: SHB Dan Trainer
|
0-0: Intentional Walk
|
|
Batting: RHB Gilbert Hoareau
|
0-0: Sac Bunt to 2R - play at first, batter OUT! 2-4 Jeff Standridge to third Dan Trainer to second
|
|
Batting: LHB Ian Cranton
|
0-0: Called Strike 0-1: Swinging Strike 0-2: Foul Ball, location: 2F 0-2: Ball 1-2: Strikes out swinging
|
|
Batting: RHB Toshikatsu Omori
|
0-0: Intentional Walk
|
|
Batting: RHB Chris Davis
|
0-0: Ground out 5-3 (Groundball, 56S, EV 61.2 MPH)
|
| Top of the 11th over - 0 runs, 1 hit, 0 errors, 3 left on base; Trois-Riveres 5 - Canton 5 |
| BOTTOM OF THE 11TH |
|
Canton Indians batting - Pitching for Trois-Riveres Aigles : RHP Mo Vaughan
|
|
Pinch Hitting: LHB Mike Humfleet
|
0-0: Called Strike 0-1: Ball 1-1: Ball 2-1: Foul Ball, location: 2F 2-2: Fly out, F8 (Flyball, 8RD, EV 93.1 MPH)
|
|
Batting: RHB Xavier Bartolani
|
0-0: Ball 1-0: Swinging Strike 1-1: Called Strike 1-2: Strikes out swinging
|
|
Pinch Hitting: SHB Brad Larabel
|
0-0: Ground out 4-3 (Groundball, 4, EV 86.9 MPH)
|
| Bottom of the 11th over - 0 runs, 0 hits, 0 errors, 0 left on base; Trois-Riveres 5 - Canton 5 |
| TOP OF THE 12TH |
|
Trois-Riveres Aigles batting - Pitching for Canton Indians : RHP Ryan Perkins
|
|
Now at SS: Josh Carini
|
|
|
Now in LF: Xavier Bartolani
|
|
|
Now in RF: Mike Humfleet
|
|
|
Batting: LHB Matt Pena
|
0-0: DOUBLE (Groundball, 3L, EV 103.1 MPH)
|
|
Batting: RHB Carlos Ruelas
|
0-0: Called Strike 0-1: Foul Ball, location: 2F 0-2: Strikes out looking
|
|
Batting: RHB Willie Acevedo
|
0-0: Intentional Walk
|
|
Batting: RHB Jeff Standridge
|
0-0: Ball 1-0: Fly out, F9 (Line Drive, 9LS, EV 85.0 MPH)
|
|
Batting: SHB Dan Trainer
|
0-0: Swinging Strike 0-1: Foul Ball, location: 2F 0-2: Foul Ball, location: 2F 0-2: Ball 1-2: SINGLE (Groundball, 4MS, EV 66.9 MPH) (infield hit) Matt Pena to third Willie Acevedo to second
|
|
Pitching: LHP Sam Johnson
|
|
|
Batting: RHB Gilbert Hoareau
|
0-0: Ground out U3 (Groundball, 34, EV 89.4 MPH)
|
| Top of the 12th over - 0 runs, 2 hits, 0 errors, 3 left on base; Trois-Riveres 5 - Canton 5 |
| BOTTOM OF THE 12TH |
|
Canton Indians batting - Pitching for Trois-Riveres Aigles : RHP Mo Vaughan
|
|
Batting: RHB Rob Marti
|
0-0: Called Strike 0-1: Swinging Strike 0-2: Ball 1-2: Strikes out swinging
|
|
Batting: RHB Tony Gonzales
|
0-0: Ball 1-0: Ball 2-0: Called Strike 2-1: Swinging Strike 2-2: Ball 3-2: Ground out U3 (Groundball, 3, EV 88.1 MPH)
|
|
Batting: SHB Bob Ledlow
|
0-0: Ball 1-0: Called Strike 1-1: Ball 2-1: Called Strike 2-2: Strikes out looking
|
| Bottom of the 12th over - 0 runs, 0 hits, 0 errors, 0 left on base; Trois-Riveres 5 - Canton 5 |
| TOP OF THE 13TH |
|
Trois-Riveres Aigles batting - Pitching for Canton Indians : LHP Sam Johnson
|
|
Batting: LHB Ian Cranton
|
0-0: Ball 1-0: Foul Ball, location: 2F 1-1: Foul Ball, location: 2F 1-2: Ball 2-2: Ball 3-2: Fly out, F8 (Line Drive, 8RD, EV 94.4 MPH)
|
|
Batting: RHB Toshikatsu Omori
|
0-0: Called Strike 0-1: Swinging Strike 0-2: Ball 1-2: Strikes out swinging
|
|
Batting: RHB Chris Davis
|
0-0: Ground out 6-3 (Groundball, 56, EV 99.4 MPH)
|
| Top of the 13th over - 0 runs, 0 hits, 0 errors, 0 left on base; Trois-Riveres 5 - Canton 5 |
| BOTTOM OF THE 13TH |
|
Canton Indians batting - Pitching for Trois-Riveres Aigles : RHP Mo Vaughan
|
|
Pitching: RHP Steve Rennecker
|
|
|
Batting: RHB Russ Kennett
|
0-0: Foul Ball, location: 2F 0-1: Ground out 6-3 (Groundball, 56, EV 86.2 MPH)
|
|
Batting: SHB Luis de Leon
|
0-0: Called Strike 0-1: Foul Ball, location: 2F 0-2: Ground out 3-1 (Groundball, 34, EV 101.2 MPH)
|
|
Batting: RHB Ryan Paquette
|
0-0: Ground out 5-3 (Groundball, 56, EV 105.0 MPH)
|
| Bottom of the 13th over - 0 runs, 0 hits, 0 errors, 0 left on base; Trois-Riveres 5 - Canton 5 |
| TOP OF THE 14TH |
|
Trois-Riveres Aigles batting - Pitching for Canton Indians : LHP Sam Johnson
|
|
Batting: LHB Matt Pena
|
0-0: Called Strike 0-1: Foul Ball, location: 2F 0-2: Strikes out swinging
|
|
Batting: RHB Carlos Ruelas
|
0-0: Called Strike 0-1: Called Strike 0-2: Ball 1-2: Strikes out looking
|
|
Batting: RHB Willie Acevedo
|
0-0: Ground out 6-3 (Groundball, 6, EV 96.9 MPH)
|
| Top of the 14th over - 0 runs, 0 hits, 0 errors, 0 left on base; Trois-Riveres 5 - Canton 5 |
| BOTTOM OF THE 14TH |
|
Canton Indians batting - Pitching for Trois-Riveres Aigles : RHP Steve Rennecker
|
|
Batting: LHB Mike Humfleet
|
0-0: Called Strike 0-1: DOUBLE (Line Drive, 7LM, EV 86.9 MPH)
|
|
Batting: RHB Xavier Bartolani
|
0-0: Intentional Walk
|
|
Batting: RHB Josh Carini
|
0-0: Sac Bunt to 13 - play at first, batter OUT! 1-4 Mike Humfleet to third Xavier Bartolani to second
|
|
Batting: RHB Rob Marti
|
0-0: Intentional Walk
|
|
Batting: RHB Tony Gonzales
|
0-0: Ball 1-0: Called Strike 1-1: Ball 2-1: Called Strike 2-2: Ball Wild Pitch! Mike Humfleet scores
|
| Bottom of the 14th over - 1 run, 1 hit, 0 errors, 2 left on base; Trois-Riveres 5 - Canton 6 |
|